Map: Abiogenesis LE

Players

Juxtapose - Winner!

  • Race: Zerg Zerg
  • League: Platinum
  • Spawn Location: 11:00

A.I. 1 (Harder)

  • Race: Zerg Zerg
  • Spawn Location: 5:00

VOD

https://youtu.be/_4mYSec4foo

Description

Time

  • Played on: April 24, 2018, 8:33 p.m.
  • Length: 10:35
Show
View Real Time Build Order
Export as new Build Order

Juxtapose Zerg - Winner!

Build Orders: Hatch First 

Get SALT Encoding   

  12  0:01  Drone  
  13  0:13  Overlord  
  13  0:18  Drone  
  14  0:32  Drone  
  14  0:33  Drone  
  16  0:52  Hatchery  
  16  0:54  Drone  
  16  0:59  Extractor  
  16  1:00  Drone  
  16  1:17  Spawning Pool  
  15  1:19  Drone  
  16  1:26  Overlord  
  16  1:31  Drone  
  17  1:40  Drone  
  17  1:46  Drone  
  19  1:55  Drone  
  20  2:02  Drone  
  20  2:04  Queen  
  23  2:11  Queen  
  24  2:22  Metabolic Boost  
  24  2:23  Zergling x2  
  24  2:26  Zergling x2  
  26  2:35  Zergling x4  
  28  2:37  Drone  
  28  2:38  Drone  
  30  2:47  Overlord  
  30  2:58  Extractor, Drone  
  29  2:59  Drone x2  
  32  3:08  Spine Crawler  
  32  3:12  Spine Crawler  
  31  3:20  Drone x4  
  34  3:27  Drone  
  34  3:28  Drone  
  34  3:33  Drone x2  
  38  3:40  Overlord  
  38  3:57  Roach Warren  
  38  3:58  Drone x2  
  38  3:59  Overlord, Drone  
  40  4:09  Queen  
  42  4:14  Extractor  
  42  4:15  Extractor  
  40  4:18  Lair  
  40  4:21  Drone x3  
  43  4:46  Drone x4  
  43  4:47  Drone  
  43  4:48  Roach x4  
  56  5:03  Drone x2  
  56  5:04  Roach  
  56  5:05  Overlord  
  60  5:20  Overlord  
  60  5:27  Evolution Chamber  
  60  5:28  Glial Reconstitution  
  59  5:35  Hydralisk Den  
  58  5:40  Drone x3  
  58  5:42  Roach x3  
  68  5:50  Ravager x3  
  68  5:54  Roach x3  
  68  5:55  Overlord x2  
  76  6:10  Grooved Spines  
  76  6:12  Queen  
  60  6:34  Hydralisk x5  
  60  6:35  Zergling x4  
  72  6:41  Hatchery  
  71  6:49  Burrow, Zerg Ground Armor Level 1  
  71  7:00  Hydralisk x2  
  71  7:01  Hydralisk x2  
  79  7:25  Hydralisk x5  
  79  7:27  Zergling x6  
  92  7:33  Overlord x2  
  92  7:37  Muscular Augments  
  92  7:54  Ravager  
  92  7:57  Overlord x2  
  93  7:59  Overseer x2  
  93  8:05  Drone x5  
  98  8:06  Overlord x2  
  98  8:08  Zergling x2  
  90  8:51  Extractor  
  90  8:53  Hydralisk, Extractor  
  90  8:54  Hydralisk x3  
  90  8:55  Zergling x6  
  99  9:21  Drone x2  
  100  9:30  Zergling x14  
  102  9:56  Zergling x10  
  102  9:57  Zergling x2  
  108  10:00  Drone x2  
  108  10:01  Drone x2  
Show
View Real Time Build Order
Export as new Build Order

A.I. 1 (Harder) Zerg 

Build Orders: Pool First, Zergling Baneling 

Get SALT Encoding   

  12  0:00  Drone  
  13  0:12  Overlord  
  13  0:16  Drone  
  14  0:31  Drone x2  
  16  0:42  Spawning Pool  
  15  0:45  Drone  
  15  0:48  Drone  
  17  0:52  Extractor  
  17  0:56  Drone  
  17  1:06  Overlord  
  17  1:29  Queen  
  17  1:31  Zergling x2  
  20  1:34  Zergling x2  
  20  1:37  Roach Warren  
  20  1:38  Drone  
  21  1:42  Extractor  
  20  1:49  Drone  
  20  1:53  Baneling Nest  
  20  2:00  Drone  
  21  2:11  Drone  
  22  2:21  Zergling x2  
  23  2:32  Drone  
  23  2:36  Overlord, Zergling x2  
  25  2:39  Zergling x2  
  25  2:42  Baneling x4  
  25  2:44  Zergling x2  
  27  2:55  Baneling, Drone  
  28  3:01  Baneling  
  28  3:05  Zergling x2  
  28  3:08  Zergling x2, Metabolic Boost  
  28  3:11  Zergling x2  
  31  3:14  Zergling x2  
  32  3:20  Overlord  
  32  3:28  Zergling x2  
  33  3:39  Zergling x2  
  34  3:42  Zergling x2  
  34  3:45  Zergling x2  
  36  3:48  Baneling x4  
  36  3:50  Zergling x2  
  37  4:00  Baneling  
  37  4:01  Zergling x2  
  38  4:04  Baneling  
  37  4:11  Overlord  
  37  4:12  Zergling x2  
  37  4:13  Drone  
  37  4:14  Zergling x2  
  40  4:23  Drone  
  41  4:24  Evolution Chamber  
  40  4:34  Drone  
  41  4:43  Drone x3  
  44  4:46  Drone  
  45  5:46  Overlord, Roach  
  45  5:47  Zerg Melee Weapons Level 1  
  47  5:50  Lair  
  47  5:52  Roach  
  47  5:55  Hatchery  
  48  5:58  Roach  
  49  6:14  Drone  
  37  6:40  Zergling x2  
  37  6:46  Zergling x2  
  39  6:48  Burrow  
  39  6:50  Centrifical Hooks  
  39  6:51  Hydralisk Den  
  39  6:52  Roach  
  40  6:54  Infestation Pit, Drone  
  40  6:57  Roach  
  42  7:03  Roach  
  44  7:10  Drone  
  44  7:12  Extractor, Drone x2  
  44  7:13  Drone  
  44  7:15  Drone  
  48  7:17  Drone  
  48  7:22  Hydralisk, Drone x2  
  51  7:26  Drone  
  51  7:28  Drone  
  55  7:37  Drone  
  55  7:38  Hydralisk  
  55  7:41  Zerg Missile Weapons Level 1  
  58  7:48  Overlord  
  58  7:49  Drone  
  59  7:53  Hydralisk  
  59  7:54  Drone  
  62  8:04  Hydralisk  
  67  8:06  Drone  
  67  8:10  Overlord, Drone  
  69  8:17  Spore Crawler  
  68  8:20  Overseer, Spore Crawler  
  68  8:21  Swarm Host, Drone  
  68  8:25  Drone x2  
  68  8:26  Spore Crawler  
  71  8:27  Drone  
  71  8:32  Drone  
  71  8:33  Drone  
  71  8:37  Overseer  
  54  8:43  Zergling x2  
  51  8:48  Roach  
  51  8:54  Zergling x2, Drone  
  52  8:57  Drone  
  52  8:59  Hydralisk  
  52  9:00  Overlord  
  55  9:10  Zergling x2  
  46  9:17  Zergling x2  
  37  9:27  Zergling x2  
  37  9:30  Zergling x4, Drone  
  35  9:39  Roach  
  35  9:41  Queen  
  33  9:50  Zergling x2, Drone  
  27  9:58  Drone  
  26  10:00  Drone x2  
  26  10:01  Zergling x2  
  24  10:11  Drone  
  24  10:13  Hydralisk Den  
Tags
 
Add a new tag
Caveats
  • Supply blocks, unpowered buildings, or Contaminate may cause inaccurate times.
  • Supply counts are checked every 10 seconds.